 Dungeon Crawl Stone Soup version 0.30-a0-591-g3c58d2bc28 (webtiles) character file.

Game seed: 6892430283853442100

1068 tilp the Ducker (level 8, -3/67 HPs)
             Began as a Meteoran Fighter on Jan 5, 2023.
             Was a Follower of Okawaru.
             Slain by a gnoll
             ... wielding a +0 flail
             ... led by a gnoll bouda
              (11 damage)
             ... on level 7 of the Dungeon.
             The game lasted 00:08:10 (1541 turns).

tilp the Ducker (Meteoran Fighter)                  Turns: 1541, Time: 00:08:11

Health: -3/67      AC:  7    Str: 17    XL:     8   Next: 83%
Magic:  11/11      EV: 11    Int:  9    God:    Okawaru [*.....]
Gold:   371        SH:  5    Dex: 17    Spells: 7/7 levels left

rFire   . . .      SeeInvis .    a - +0 long sword
rCold   . . .      Faith    .    c - +0 buckler
rNeg    . . .      Spirit   .    t - +0 scale mail
rPois   .          Reflect  .    (no helmet)
rElec   .          Harm     .    (no cloak)
rCorr   .          Rampage  .    (no gloves)
Will    +....                    (no boots)
Stlth   +                        (no amulet)
HPRegen 0.31/turn                (no ring)
MPRegen 0.12/turn                (no ring)

@: weakened, glowing
A: sense surroundings 1, otherworldly, glowing, explore regen
a: Renounce Religion, Heroism


You were on level 7 of the Dungeon.
You worshipped Okawaru.
Okawaru was aware of your devotion.
You visited 2 branches of the dungeon, and saw 8 of its levels.

You collected 371 gold pieces.

Inventory:

Hand Weapons
 a - a +0 long sword (weapon)
 b - a +0 sling of freezing
 d - a +0 rapier of protection
 n - a +0 long sword
Missiles
 e - 38 stones
 o - 5 boomerangs
 s - 5 poisoned darts (quivered)
Armour
 c - a +0 buckler (worn)
 t - a +0 scale mail (worn)
 v - a +1 ring mail of fire resistance
 z - a +0 troll leather armour
Jewellery
 x - an amulet of faith
Wands
 g - a wand of flame (11)
 l - a wand of paralysis (6)
Scrolls
 f - a scroll of enchant weapon {unknown}
 i - 4 scrolls of identify
 p - 2 scrolls of teleportation
Potions
 j - a potion of curing
 q - a potion of flight
 r - a potion of brilliance


   Skills:
 + Level 4.8 Fighting
 + Level 4.9 Long Blades
 + Level 2.7 Throwing
 + Level 5.0 Armour
 + Level 5.0 Dodging
 + Level 2.8 Stealth
 - Level 4.0 Shields
 * Level 3.2 Invocations
 + Level 2.8 Evocations


You had 7 spell levels left.
You didn't know any spells.
Your spell library was empty.

Dungeon Overview and Level Annotations

Branches:
Dungeon (7/15) Zot: 2638   Temple (1/1) D:6 Zot: 554

Altars:
Cheibriados
Dithmenos
Hepliaklqana
Kikubaaqudgha
Makhleb
Okawaru
Qazlal
Uskayaw
Vehumet
Wu Jian
Yredelemnul
The Shining One

Shops:
D:7 :


Innate Abilities, Weirdness & Mutations

You passively map a small area around you.
You are easily found by Zot.
You glow in the dark.
You regain HP and MP as you explore.


Message History

The gnoll shouts!
The gnoll bouda barks out a call to the hunt!
The gnolls pick up the pace!
You block the gnoll's attack.
The gnoll hits you from afar with a +0 spear.
The gnoll hits you from afar with a +0 spear.
Okay, then.
The gnoll is no longer moving quickly. x2; The gnoll hits you with a +0 flail!
The gnoll closely misses you.
You hit the gnoll.
The gnoll is moderately wounded.
The gnoll hits you but does no damage. The gnoll barely misses you.
You hit the gnoll.
The gnoll is severely wounded.
The gnoll is no longer moving quickly.
The gnoll barely misses you.
The gnoll hits you from afar with a +0 spear.
The gnoll barely misses you. The gnoll closely misses you.
You closely miss the gnoll.
The gnoll is severely wounded.
The gnoll hits you but does no damage.
The gnoll hits you from afar with a +0 halberd.
The gnoll bouda gazes fiercely through you!
You feel your attacks grow feeble. You block the gnoll's attack.
The gnoll hits you with a +0 flail. The gnoll attacks as you move away!
The gnoll hits you with a +0 flail! The gnoll hits you with a +0 whip.
The gnoll attacks as you move away! The gnoll hits you with a +0 flail!
* * * LOW HITPOINT WARNING * * *
The gnoll bouda barks out a call to the hunt!
The gnolls pick up the pace!
The gnoll hits you from afar with a +0 halberd.
* * * LOW HITPOINT WARNING * * *
The gnoll barely misses you. The gnoll attacks as you move away!
The gnoll hits you with a +0 flail!
* * * LOW HITPOINT WARNING * * *
The gnoll is no longer moving quickly. x2
The gnoll bouda barks out a call to the hunt!
The gnolls pick up the pace!
The gnoll hits you with a +0 flail!
You die...

..............#........###......
..g.....#.....#........#........
.#..............................
*#......#######.......<...).....
##.>..g#.....#.................
#...#gg#.∩.>.#......<..........
.##...##.#.....#........#####.###
.........#######...........##.#
...##.##..gg.ggg@..........##.#
.<........##..g..........##*.#
.....####................#.. #
...##.. ##.................. *
$#. ##.#*##........#.....#...
#,.#...##..............##...
.....................###.# ###
..........................##..
.....................##.......


You could see a gnoll bouda and 5 gnolls.

Vanquished Creatures
  2 sky beasts (D:7)
  An ogre (D:6)
  An ice beast (D:7)
  2 phantoms (D:7)
  3 scorpions
  3 jellies
  3 hounds
  An iguana (D:5)
  3 orc wizards (D:4)
  5 adders
  3 white imps
  2 dart slugs
  13 orcs
  A ball python (D:2)
  An endoplasm (D:2)
  A giant cockroach (D:4)
  2 goblins (D:2)
  2 jackals (D:1)
  A quokka (D:1)
  4 bats
  A frilled lizard (D:2)
55 creatures vanquished.

Notes
Turn   | Place    | Note
-------+----------+-------------------------------------------
     0 | D:1      | tilp the Meteoran Fighter began the quest for the Orb.
     0 | D:1      | Reached XP level 1. HP: 19/19 MP: 2/2
    87 | D:1      | Reached XP level 2. HP: 24/26 MP: 3/3
   161 | D:2      | Reached skill level 1 in Dodging
   225 | D:2      | Reached XP level 3. HP: 31/31 MP: 4/4
   426 | D:4      | Reached XP level 4. HP: 26/40 MP: 5/5
   438 | D:4      | Reached skill level 1 in Stealth
   472 | D:4      | Reached XP level 5. HP: 46/46 MP: 6/6
   483 | D:4      | Reached XP level 6. HP: 38/52 MP: 7/7
   522 | D:5      | Entered Level 5 of the Dungeon
   711 | D:3      | Found a faded altar of an unknown god.
   844 | D:5      | Reached XP level 7. HP: 32/59 MP: 8/8
   859 | D:5      | Reached skill level 1 in Evocations
   905 | D:6      | Reached skill level 1 in Throwing
  1003 | D:6      | Found a staircase to the Ecumenical Temple.
  1030 | Temple   | Entered the Ecumenical Temple
  1041 | Temple   | Became a worshipper of Warmaster Okawaru
  1117 | D:6      | Reached skill level 1 in Invocations
  1117 | D:6      | Reached XP level 8. HP: 36/67 MP: 9/9
  1254 | D:7      | Found a hide-covered altar of Uskayaw.
  1255 | D:7      | Found a shadowy altar of Dithmenos.
  1293 | D:7      | HP: 3/67 [sky beast (5)]
  1294 | D:7      | Reached * piety under Okawaru
  1478 | D:7      | Reached skill level 5 in Armour
  1478 | D:7      | Reached skill level 5 in Dodging
  1513 | D:7      | Found Runot's Book Shoppe.
  1541 | D:7      | Slain by a gnoll

Illustrated notes

Levels and vault maps discovered:
D:1:      dpeg_arrival_three_same_balls, layout_rooms
D:2:      layout_basic, minmay_bisected
D:3:      layout_rooms, mainiacjoe_overflow_small_starburst,
          hellmonk_ecumenical_altar_leap_of_faith
D:4:      layout_basic
D:5:      layout_gridville, tgw_trog, zin_angel
D:6:      layout_rooms, mainiacjoe_overflow_alcove_2,
          minmay_temple_entry_antechambers, serial_curves, eino_curves_02,
          eino_curves_02, nrook_pool_corridor, lexackson_kobold_supper
D:7:      layout_cave_pools, nicolae_dithmenos_the_darkroom,
          nicolae_overflow_hidden_temple, serial_shops, nicolae_take_the_stairs,
          patterned_corridor
Temple:   hellmonk_temple_rainy

Skill      XL: |  1  2  3  4  5  6  7  8 |
---------------+-------------------------+-----
Dodging        | 1 2 3 4 5 |  5.0
Shields        | 4 |  4.0
Armour         | 4 5 |  5.0
Stealth        | 1 2 |  2.8
Long Blades    | 3 4 |  4.9
Fighting       | 4 |  4.8
Evocations     | 2 |  2.8
Throwing       | 1 2 |  2.7
Invocations    | 1 3 |  3.2

Action                   |  1- 3 |  4- 6 |  7- 9 || total
-------------------------+-------+-------+-------++-------
Melee: Long sword        |    48 |    60 |   132 ||   240
 Fire: Sling             |       |    13 |     2 ||    15
Throw: Dart              |       |       |     3 ||     3
  Use: Potion            |       |     1 |     1 ||     2
       Scroll            |       |       |    13 ||    13
Armor: Scale mail        |    24 |    21 |    52 ||    97
       Skin              |       |       |     7 ||     7
Dodge: Dodged            |    22 |    18 |    43 ||    83
Block: Buckler           |    19 |    14 |    25 ||    58

Table legend: (Time is in decaauts)
 A = Elapsed time spent in this place.
 B = Non-inter-level travel time spent in this place.
 C = Inter-level travel time spent in this place.
 D = Time resting spent in this place.
 E = Time spent auto-exploring this place.
 F = Levels seen in this place.
 G = Mean time per level.
                   A        B        C        D        E       F      G
               +--------+--------+--------+--------+--------+-----+--------+
         Total |   1605 |   1561 |     44 |    117 |      0 |   8 |  200.6 |
       Dungeon |   1560 |   1516 |     44 |    117 |      0 |   7 |  222.9 |
        Temple |     45 |     45 |      0 |      0 |      0 |   1 |   45.0 |
               +--------+--------+--------+--------+--------+-----+--------+

Top non-repeatable levels by time:
     D:7: 421 daAuts
     D:4: 364 daAuts
     D:2: 223 daAuts
     D:6: 222 daAuts
     D:3: 118 daAuts
     D:5: 108 daAuts
     D:1: 100 daAuts
  Temple: 45 daAuts
